Map: Hard Lead LE

Players

DeathDealer

  • Race: Zerg Zerg
  • League: Gold
  • Spawn Location: 5:00

Adimax - Winner!

  • Race: Zerg Zerg
  • League: Diamond
  • Spawn Location: 11:00

VOD

Have the link to the VOD?

Description

Time

  • Played on: Nov. 20, 2023, 4:02 p.m.
  • Length: 3:49
Show
View Real Time Build Order
Export as new Build Order

DeathDealer Zerg 

Build Orders: Hatch First 

Get SALT Encoding   

  12  0:00  Drone  
  13  0:08  Drone  
  14  0:15  Extractor  
  14  0:17  Drone  
  15  0:37  Hatchery  
  14  0:46  Extractor  
  13  0:57  Spawning Pool  
  13  0:59  Drone  
  13  1:03  Drone  
  14  1:16  Extractor  
  14  1:17  Drone  
  15  1:26  Overlord  
  15  1:46  Zergling x6  
  18  1:55  Metabolic Boost  
  18  2:05  Zergling x6  
  21  2:17  Zergling x4  
  21  2:19  Queen  
  25  2:28  Zergling x4  
  27  2:51  Overlord  
  27  2:59  Zergling x2  
  27  3:12  Zergling x12  
Show
View Real Time Build Order
Export as new Build Order

Adimax Zerg - Winner!

Build Orders: Hatch First 

Get SALT Encoding   

  12  0:00  Drone  
  13  0:08  Drone  
  14  0:15  Extractor  
  14  0:16  Drone  
  15  0:37  Hatchery  
  14  0:43  Extractor  
  13  0:56  Spawning Pool  
  12  0:59  Drone  
  13  1:07  Drone  
  14  1:15  Extractor  
  14  1:16  Drone  
  15  1:19  Overlord  
  15  1:44  Metabolic Boost  
  16  1:47  Zergling x6  
  16  1:52  Queen  
  20  2:02  Zergling x6  
  23  2:14  Zergling x4  
  25  2:20  Overlord  
  25  2:30  Zergling x4  
  25  2:33  Zergling x2  
  28  2:41  Zergling x2  
  29  2:46  Zergling x2  
  30  2:51  Overlord  
  30  2:58  Zergling x2  
  31  3:05  Zergling x8  
  35  3:13  Zergling x2  
  34  3:28  Zergling x6  
Tags
 
Add a new tag
Caveats
  • Supply blocks, unpowered buildings, or Contaminate may cause inaccurate times.
  • Supply counts are checked every 10 seconds.